cohdb
Replays
Latest Replays
All Replays
Popular Replays
Top Player Replays
Match Explorer
How It Works
Community
CoH3 Stats
Reddit
Sign in to upload your games and track your stats! →
Sign in with Steam
Match 41072469
Unlisted
Match 41072469
Overview
Messages
Build Orders
End
Selects Canadian Shock Battlegroup
Construct Section Command Post
Infantry Section
ML 3-inch Mortar Team
Dingo Light Scout Car
Grenade Package
Selects Offensive Resupply
Selects Canadian Shock Section
Canadian Shock Section
Construct Platoon Command Post
Selects Incendiary Munitions
AD
Raedwulf
Eredar
你来反105
MatioS
ashilrye
Zbirga
Dirkradix
0
0
Comments
sign in to comment!
No comments posted yet!